 Dungeon Crawl Stone Soup version 0.27.1-34-g3ba077fa99 (webtiles) character file.

Game seed: 12010750993154555783

3308 cbfl8 the Basher (level 9, -6/123 HPs)
             Began as a Minotaur Wanderer on Jan 19, 2022.
             Was a Believer of Yredelemnul.
             Killed by divine providence
             ... invoked by an orc priest
              (11 damage)
             ... on level 8 of the Dungeon.
             The game lasted 00:22:38 (10619 turns).

cbfl8 the Basher (Minotaur Wanderer)               Turns: 10619, Time: 00:22:40

Health: -6/123     AC: 24    Str: 18    XL:     9   Next: 70%
Magic:  0/10       EV:  2    Int: 10    God:    Yredelemnul [**....]
Gold:   310        SH:  9    Dex: 11    Spells: 8/8 levels left

rFire    + . .     SeeInvis .   x - +2 short sword (venom)
rCold    x . .     Faith    .   k - +1 kite shield
rNeg     + + +     Spirit   +   (armour currently unavailable)
rPois    +         Reflect  .   (helmet currently unavailable)
rElec    .         Harm     .   (cloak currently unavailable)
rCorr    .         Rampage  .   (gloves currently unavailable)
Will     .....     NoTele   +   (boots currently unavailable)
Stlth    ++........             s - amulet of guardian spirit
HPRegen  0.30/turn              y - ring of fire
MPRegen  0.12/turn              (no ring)

@: tree-form, weak-willed, mirroring injuries
A: stationary, stasis, torment immunity, boosted hp, (horns 2), (retaliatory
headbutt)
a: Renounce Religion, Animate Remains, Recall Undead Slaves, Injury Mirror


You were on level 8 of the Dungeon.
You worshipped Yredelemnul.
Yredelemnul was pleased with you.
You were a tree.
You visited 2 branches of the dungeon, and saw 9 of its levels.

You collected 310 gold pieces.

Inventory:

Hand Weapons
 a - a +2 hand crossbow
 c - a +0 mace
 h - a +0 short sword
 l - a +1 flail of protection
 n - a +0 hand crossbow
 w - a +0 dagger of distortion
 x - a +2 short sword of venom (weapon)
Missiles
 b - 37 bolts
 j - 31 poisoned darts (quivered)
 u - 5 large rocks
Armour
 e - a +0 robe
 g - a +0 scale mail (melded)
 i - a +0 pair of gloves (melded)
 k - a +1 kite shield (worn)
 v - a +2 leather armour of positive energy
Jewellery
 s - an amulet of guardian spirit (around neck)
 y - a ring of fire (left branch)
Wands
 B - a wand of acid (9)
Scrolls
 o - a scroll of amnesia
 p - a scroll of magic mapping
 r - a scroll of fog
 t - a scroll of noise


   Skills:
 * Level 8.8 Fighting
 + Level 3.7 Short Blades
 + Level 9.0 Maces & Flails
 + Level 1.8 Crossbows
 + Level 1.0 Throwing
 + Level 8.6 Armour
 + Level 4.0 Dodging
 + Level 2.2 Stealth
 + Level 1.7 Shields
 + Level 2.8 Invocations


You had 8 spell levels left.
You didn't know any spells.
Your spell library was empty.

Dungeon Overview and Level Annotations

Branches:
Dungeon (8/15)             Temple (1/1) D:4
   Lair: D:8-11

Altars:
Ashenzari
Dithmenos
Elyvilon
Fedhas
Hepliaklqana
Kikubaaqudgha
Makhleb
Nemelex Xobeh
Okawaru
Qazlal
Ru
Sif Muna
Uskayaw
Vehumet
Wu Jian
Xom
Yredelemnul
The Shining One

Annotations:
D:8 Grum


Innate Abilities, Weirdness & Mutations

You are a tree.
Your roots penetrate the ground, keeping you stationary.
You cannot be teleported.
You are immune to unholy pain and torment.
Your maximum health is greatly increased.
Your equipment is partially melded.
((You have a pair of horns on your head.))
((You reflexively headbutt those who attack you in melee.))


Message History

You hit the howler monkey.
The howler monkey looks as sick as possible!
The howler monkey is almost dead.
You hear the quick hiss of a very distant avalanche of sand.
You kill the howler monkey!
Yredelemnul accepts your kill. You block the orc wizard's attack.
An orc warrior comes into view.
It is wielding a +2 short sword of speed and wearing a +2 chain mail of fire resistance.
The orc is pulled toward you! The orc warrior is pulled toward you!
Your Dodging skill increases to level 4!
You offer yourself to Yredelemnul, and are filled with unholy energy.
You block the orc wizard's attack.
A bullfrog comes into view.
The orc warrior is pulled toward you! The bullfrog is pulled toward you!
You hit the orc wizard.
The orc wizard is poisoned.
The orc wizard is moderately wounded.
The orc wizard hits you but does no damage.
The orc hits you but does no damage.
An orc comes into view. It is wielding a +0 flail.
The orc is pulled toward you!
You closely miss the orc wizard.
The orc wizard is heavily wounded.
The orc wizard completely misses you.
The orc warrior hits you but does no damage.
You block the orc's attack.
The orc wizard hits you but does no damage.
The orc is pulled toward you!
You feel less attractive to monsters.
The orc shouts!
You hit the orc wizard.
The orc wizard looks as sick as possible!
The orc wizard is almost dead.
You kill the orc wizard!
Yredelemnul accepts your kill. The orc warrior completely misses you.
An orc priest comes into view. It is wielding a +0 dagger.
The orc hits you but does no damage.
The orc priest mumbles some strange prayers to Beogh against you.
Beogh smites you!
You die...
Your body rises from the dead as a mindless zombie.

*** *,**####******
*,,,,...,,,,,*
*****,,*,,..****,*
*,,,,,,*,##.## *,*******
*,**,..#.#§§§###.#,,,,,*
*****,**,.....§§♣o§..#,*,***
,,,**,**,....§.oFo##.#,*,*
,,,*,,,,,...#§§§....,*,*,*
,,,*,,,,,.,,#...#.##.#,*,*
,,,*,***,,,.....,..,,#,*,*
,,,+,,,***#.##..,.#.,,,*,*
,,,*,*,,,..<,...,o#.,,,*,*
****,**,,##*##..,.#,.,<*,*
*,**,,,,,,,,,,,*,,,,,,*


You could see an orc warrior, a bullfrog, an orc priest and 2 orcs.

Vanquished Creatures
  Grinder (D:6)
  Sigmund (D:6)
  Menkaure (D:7)
  2 sky beasts
  A hornet zombie (D:7)
  3 ogres
  A centaur (D:5)
  A kobold brigand (D:5)
  5 bullfrogs
  A wyvern zombie (D:8)
  A scorpion (D:6)
  A water moccasin zombie (D:6)
  4 killer bees (D:8)
  3 howler monkeys
  5 hounds
  4 jellies
  3 orc priests
  3 iguanas
  5 orc wizards
  8 gnolls (D:2)
  A howler monkey skeleton (D:2)
  12 adders
  A shadow imp (D:5)
  An ufetubus (D:7)
  A worm (D:2)
  2 dart slugs
  21 orcs
  8 endoplasms
  5 giant cockroaches
  7 goblins
  2 hobgoblins
  2 jackals (D:4)
  2 quokkas
  7 ball pythons
  3 bats
  6 frilled lizards
  12 kobolds
  5 rats
152 creatures vanquished.

Vanquished Creatures (collateral kills)
  The ghost of hawla the Magician, a novice DrCj (D:6)
  2 necrophages (D:7)
  A phantom (D:7)
  A jelly (D:7)
  2 orcs (D:6)
7 creatures vanquished.

Vanquished Creatures (others)
  An adder zombie (D:6)
  A bullfrog skeleton (D:6)
  A bullfrog zombie (D:7)
  A hound skeleton (D:6)
  A howler monkey skeleton (D:6)
  2 orc skeletons (D:6)
  An orc zombie (D:6)
  5 demonic plants (D:2)
  A plant (D:2)
  2 withered plants (D:2)
16 creatures vanquished.

Grand Total: 175 creatures vanquished

Notes
Turn   | Place    | Note
-------+----------+-------------------------------------------
     0 | D:1      | cbfl8 the Minotaur Wanderer began the quest for the Orb.
     0 | D:1      | cbfl8 set off with the following items: a +2 hand crossbow,
                  | 27 bolts, a +0 mace, a scroll of teleportation, a +0 robe
     0 | D:1      | Reached XP level 1. HP: 22/22 MP: 0/0
    34 | D:1      | Reached skill level 5 in Fighting
   392 | D:1      | Reached XP level 2. HP: 29/29 MP: 1/1
  1006 | D:2      | Reached skill level 1 in Short Blades
  1006 | D:2      | Reached XP level 3. HP: 19/36 MP: 2/2
  1471 | D:2      | Reached XP level 4. HP: 29/44 MP: 3/3
  1907 | D:2      | Reached skill level 1 in Dodging
  1911 | D:2      | Reached XP level 5. HP: 26/50 MP: 4/4
  2479 | D:2      | Found a faded altar of an unknown god.
  3165 | D:3      | Reached skill level 3 in Maces & Flails
  3993 | D:3      | Reached XP level 6. HP: 41/57 MP: 5/5
  4892 | D:4      | Found a staircase to the Ecumenical Temple.
  4939 | Temple   | Entered the Ecumenical Temple
  4952 | Temple   | Became a worshipper of Yredelemnul the Dark
  5679 | D:5      | Entered Level 5 of the Dungeon
  5845 | D:5      | Noticed a sky beast
  5864 | D:5      | Killed a sky beast
  5865 | D:5      | Reached skill level 4 in Maces & Flails
  6191 | D:5      | Reached XP level 7. HP: 40/64 MP: 6/6
  6449 | D:5      | Reached skill level 5 in Maces & Flails
  6693 | D:5      | Reached skill level 5 in Armour
  7138 | D:6      | Reached skill level 6 in Maces & Flails
  7159 | D:6      | Noticed Grinder
  7187 | D:6      | Paralysed by Grinder for 4 turns
  7204 | D:6      | Killed Grinder
  7204 | D:6      | Reached * piety under Yredelemnul
  7205 | D:6      | Reached XP level 8. HP: 55/73 MP: 7/7
  7452 | D:6      | Found a runed translucent door.
  7471 | D:6      | Noticed hawla's ghost (novice DrCj)
  7482 | D:6      | Reached skill level 7 in Maces & Flails
  7499 | D:6      | Killed hawla's ghost
  7500 | D:6      | Reached skill level 1 in Invocations
  7868 | D:6      | Noticed Sigmund
  7880 | D:6      | Killed Sigmund
  7881 | D:6      | Reached skill level 8 in Maces & Flails
  8083 | D:6      | Reached XP level 9. HP: 64/80 MP: 9/9
  8752 | D:7      | Found a glowing golden altar of the Shining One.
  9102 | D:7      | Noticed Menkaure
  9110 | D:7      | Killed Menkaure
  9569 | D:7      | Reached skill level 9 in Maces & Flails
  9707 | D:7      | Reached skill level 1 in Shields
 10581 | D:8      | Noticed Grum
 10589 | D:8      | HP: 4/82 [wolf[Grum] (6)]
 10601 | D:8      | HP: 6/123 [howler monkey (1)]
 10603 | D:8      | Identified a scroll of acquirement
 10603 | D:8      | Acquired the +2 pair of gloves of Amorality {Drain +Inv
                  | rElec SInv}
 10610 | D:8      | Reached ** piety under Yredelemnul
 10612 | D:8      | HP: 6/123 [howler monkey (1)]
 10619 | D:8      | Killed from afar by an orc priest

Illustrated notes

Levels and vault maps discovered:
D:1:      lemuel_arrival_hallway, layout_basic, minmay_misc_feat_four_crosses,
          minmay_misc_feat_enclosed, minmay_domino_2
D:2:      layout_basic, shapermc_ecumenical_altar_gd,
          chequers_serial_rivers_micro_e, item_on_display_a
D:3:      layout_loops_corners
D:4:      layout_loops_ring, minmay_temple_entry_glassed_door
D:5:      layout_basic
D:6:      layout_loops_ring, ebering_ghost_sewer_d, uniq_sigmund, uniq_grinder
D:7:      layout_loops_ring, tso_altar, enter_bailey_8,
          grunt_decor_mini_mirrors, kennysheep_generic_room_6, uniq_menkaure
D:8:      layout_basic, nicolae_overflow_quartered_altars,
          nicolae_ossuary_entry_giza, uniq_grum
Temple:   minmay_crystal_spiral_temple

Skill      XL: |  1  2  3  4  5  6  7  8  9 |
---------------+----------------------------+-----
Fighting       | 5 6 7 8 |  8.8
Short Blades   | 1 2 3 |  3.7
Armour         | 2 3 4 5 7 8 |  8.6
Dodging        | 1 2 3 4 |  4.0
Maces & Flails | 3 4 6 8 9 |  9.0
Invocations    | 1 2 |  2.8
Stealth        | 2 |  2.2
Shields        | 1 |  1.7
Crossbows      | |  1.8
Throwing       | |  1.0

Action                   |  1- 3 |  4- 6 |  7- 9 || total
-------------------------+-------+-------+-------++-------
Melee: Hand crossbow     |     3 |       |       ||     3
       Short sword       |    53 |    35 |   124 ||   212
       Headbutt          |    10 |    28 |    55 ||    93
       Flail             |       |   134 |   156 ||   290
 Fire: Hand crossbow     |     8 |       |       ||     8
Invok: Animate Remains   |       |       |    14 ||    14
       Injury Mirror     |       |       |     1 ||     1
  Use: Scroll            |       |     1 |    11 ||    12
       Potion            |       |       |    14 ||    14
 Stab: Distracted        |       |       |     2 ||     2
Armor: Robe              |     1 |       |       ||     1
       Scale mail        |    27 |    97 |   152 ||   276
       Skin              |       |       |    24 ||    24
Dodge: Dodged            |    39 |   112 |   155 ||   306
Block: Kite shield       |       |       |    56 ||    56
